 Dungeon Crawl Stone Soup version 0.25-a0-404-gc1b5a34 (webtiles) character file.

Game seed: 6703438094591171346, levelgen mode: deterministic

1229 WaffleStomper the Poker (level 8, -9/64 HPs)
             Began as a Hill Orc Fighter on Jan 12, 2020.
             Killed from afar by a raiju (13 damage)
             ... with a living lightning
             ... on level 2 of the Abyss.
             The game lasted 00:10:37 (3650 turns).

WaffleStomper the Poker (Hill Orc Fighter)          Turns: 3650, Time: 00:10:38

Health: -9/64      AC: 11    Str: 21    XL:     8   Next: 48%
Magic:  8/8        EV:  7    Int:  8    God:
Gold:   148        SH:  9    Dex: 10    Spells: 7/7 levels left

rFire    . . .     SeeInvis .   a - +0 war axe
rCold    . . .     Gourm    .   c - +0 shield
rNeg     . . .     Faith    .   w - +0 chain mail
rPois    +         Spirit   .   u - +0 helmet
rElec    .         Reflect  .   (no cloak)
rCorr    .         Harm     .   t - +0 pair of gloves
MR       .....                  (no boots)
Stlth    ..........             (no amulet)
HPRegen  0.00/turn              s - ring of stealth
MPRegen  0.11/turn              b - ring of poison resistance

@: non-regenerating, diseased, lightly drained
A: no striking features
a: no special abilities


You were on level 2 of the Abyss.
You were near starving.

You visited 1 branch of the dungeon, and saw 5 of its levels.
You visited the Abyss 1 time.

You collected 148 gold pieces.

Inventory:

Hand Weapons
 a - a +0 war axe (weapon)
 n - a +0 spear
Missiles
 m - 13 boomerangs (quivered)
Armour
 c - a +0 shield (worn)
 t - a +0 pair of gloves (worn)
 u - a +0 helmet (worn)
 w - a +0 chain mail (worn)
Jewellery
 b - a ring of poison resistance (right hand)
 s - a ring of stealth (left hand)
Wands
 e - a wand of polymorph (5)
 y - a wand of flame (24)
 A - a wand of acid (5)
Scrolls
 d - 2 scrolls of remove curse {unknown}
 g - a scroll of enchant weapon {unknown}
 h - 3 scrolls of immolation {unknown}
 i - a scroll of identify
 j - 3 scrolls of blinking {unknown}
 l - 2 scrolls of amnesia {unknown}
 q - 3 scrolls of teleportation {unknown}
 r - a scroll of fog {unknown}
 z - 2 scrolls of noise {unknown}
Potions
 k - a potion of heal wounds
 o - a potion of ambrosia
 p - 4 potions of curing
 v - a potion of berserk rage
 x - 2 potions of haste
 B - 2 potions of lignification
Comestibles
 f - 10 rations


   Skills:
 - Level 3.6(3.3) Fighting
 - Level 5.4(7.3) Axes
 * Level 6.7(7.1) Polearms
 - Level 0.6(0.4) Throwing
 + Level 4.5(4.3) Armour
 - Level 4.0(3.7) Dodging
 - Level 0.5(0.3) Stealth
 + Level 4.5(4.2) Shields


You had 7 spell levels left.
You didn't know any spells.
Your spell library was empty.

Dungeon Overview and Level Annotations

Branches:
Dungeon (5/15)
 Temple: D:4-7

Altars:
Ashenzari
Dithmenos
Elyvilon
Gozag
Hepliaklqana
Okawaru
Qazlal
The Shining One

Annotations:
D:5 Blork the orc


Message History

You feel ill.
You see here a scroll labeled HARPHIA XUREPS.
You're too confused to move!
You feel less confused. You block the ancient zyme's attack.
The ancient zyme barely misses you.
The lich casts a spell.
The raiju bursts into living lightning!
The living lightning misses the raiju.
The living lightning hits you!!
The raiju blinks!
The lich mumbles some strange words.
The lich gestures wildly while chanting.
The raiju bursts into living lightning!
The living lightning hits you!
* * * LOW HITPOINT WARNING * * *
The raiju blinks!
You feel ill.
The raiju bursts into living lightning!
The living lightning hits you!
* * * LOW HITPOINT WARNING * * *
The living lightning hits you!
You die...

# .. #. .. ..
#.# . .# .
..#.#.## # . #..
#.#... . .#
##.... .
.#..#...##..#h##
. # ..
....#..#@# . .
..#$..#.#..## #
# #.. #h2x### ##
.##2..# .# #.
##h#.?.#....
##.#..#.....#
#.#...hL..#..#
#...!#......#
##.#.#.####.#


You could see a blizzard demon, an ancient zyme, a hellion and 2 raiju.

Vanquished Creatures
  Sigmund (D:3)
  2 ice beasts (D:5)
  A phantom (D:5)
  2 ogres
  A scorpion (D:4)
  A crimson imp (D:5)
  2 hounds
  2 centaur skeletons (D:4)
  Ijyb (D:3)
  Terence (D:3)
  3 worker ants
  A hound zombie (D:5)
  A hound skeleton (D:5)
  Robin (D:3)
  9 adders
  4 gnolls (D:2)
  A shadow imp (D:5)
  3 oozes
  2 adder skeletons
  2 worms
  A dart slug (D:1)
  4 leopard geckos
  12 orcs
  6 bats
  5 giant cockroaches
  16 goblins
  9 hobgoblins
  7 jackals
  4 quokkas (D:3)
  7 frilled lizards
  8 kobolds
  A quokka skeleton (D:4)
  A quokka zombie (D:5)
  10 rats
132 creatures vanquished.

Notes
Turn   | Place    | Note
-------+----------+-------------------------------------------
     0 | D:1      | WaffleStomper the Hill Orc Fighter began the quest for the
                  | Orb.
     0 | D:1      | Reached XP level 1. HP: 19/19 MP: 1/1
    95 | D:1      | Reached XP level 2. HP: 23/26 MP: 2/2
   284 | D:1      | Reached XP level 3. HP: 22/31 MP: 3/3
   733 | D:2      | Found a faded altar of an unknown god.
   924 | D:2      | Reached skill level 5 in Axes
   924 | D:2      | Reached XP level 4. HP: 37/39 MP: 4/4
   932 | D:2      | Reached skill level 1 in Dodging
  1244 | D:2      | Reached skill level 1 in Polearms
  1283 | D:3      | Noticed Robin
  1337 | D:3      | Reached XP level 5. HP: 30/45 MP: 5/5
  1341 | D:3      | Killed Robin
  1350 | D:3      | Reached skill level 2 in Polearms
  1469 | D:3      | Found a glowing golden altar of the Shining One.
  1479 | D:3      | Noticed Terence
  1482 | D:3      | Noticed Ijyb
  1518 | D:3      | Killed Terence
  1524 | D:3      | Killed Ijyb
  1556 | D:3      | Noticed Sigmund
  1572 | D:3      | Killed Sigmund
  1572 | D:3      | Reached skill level 3 in Polearms
  1572 | D:3      | Reached XP level 6. HP: 22/51 MP: 6/6
  2023 | D:3      | Reached skill level 4 in Polearms
  2174 | D:4      | Reached XP level 7. HP: 53/57 MP: 7/7
  2201 | D:4      | Found an iron altar of Okawaru.
  2231 | D:4      | Found an opulent altar of Gozag.
  2234 | D:4      | Found a shattered altar of Ashenzari.
  2301 | D:4      | Found a hazy altar of Hepliaklqana.
  2326 | D:4      | Found a white marble altar of Elyvilon.
  2329 | D:4      | Found a shadowy altar of Dithmenos.
  2679 | D:4      | Found a stormy altar of Qazlal.
  2803 | D:4      | Reached skill level 5 in Polearms
  2928 | D:5      | Entered Level 5 of the Dungeon
  3014 | D:5      | Reached XP level 8. HP: 23/64 MP: 8/8
  3153 | D:5      | Reached skill level 6 in Polearms
  3583 | D:5      | Noticed Blork the orc
  3585 | D:5      | Noticed Blork
  3585 | D:5      | Blork the orc changed into Blork the centaur
  3592 | D:5      | Cast into level 2 of the Abyss (Blork)
  3614 | Abyss:2  | Noticed an ancient zyme
  3637 | Abyss:2  | Noticed a lich
  3640 | Abyss:2  | Noticed a raiju
  3641 | Abyss:2  | Noticed a raiju
  3642 | Abyss:2  | Noticed a raiju
  3647 | Abyss:2  | Noticed a hellion
  3649 | Abyss:2  | Noticed a blizzard demon
  3650 | Abyss:2  | Killed from afar by a raiju

Levels and vault maps discovered:
D:1:      dpeg_arrival_round_b, layout_basic
D:2:      layout_rooms, chequers_ecumenical_altar_simple_redux
D:3:      layout_rooms, tso_metal_star, first_ration, uniq_robin, uniq_terence,
          uniq_ijyb, uniq_sigmund
D:4:      layout_gridville, lemuel_coloured_pillars_altar,
          okawaru_metal_pillars_3, nicolae_overflow_hidden_temple,
          grunt_qazlal_sundering
D:5:      layout_rooms, vehumet_statue, kennysheep_mini, grunt_ministairs_1,
          corexii_hall_statues_i, uniq_blork_the_orc, uniq_grinder
Abyss:2:  base: D:2, base: D:1, evilmike_abyss_exit_glass, hangedman_eye_storm

Skill      XL: |  1  2  3  4  5  6  7  8 |
---------------+-------------------------+-----
Axes           | 3 4 5 |  5.4
Dodging        | 1 2 3 4 |  4.0
Polearms       | 1 3 4 5 6 |  6.7
Armour         | 4 |  4.5
Shields        | 4 |  4.5
Fighting       | |  3.6
Throwing       | |  0.6
Stealth        | |  0.5

Action                   |  1- 3 |  4- 6 |  7- 9 || total
-------------------------+-------+-------+-------++-------
Melee: War axe           |    87 |   187 |   226 ||   500
Throw: Boomerang         |       |     2 |     1 ||     3
Evoke: Wand              |       |       |     1 ||     1
  Use: Potion            |       |     2 |       ||     2
       Scroll            |       |     4 |     2 ||     6
  Eat: Chunk             |       |     3 |     5 ||     8
Armor: Scale mail        |    45 |    34 |       ||    79
       Chain mail        |       |    64 |   109 ||   173
Dodge: Dodged            |    22 |    70 |    62 ||   154
Block: Shield            |    59 |   102 |   111 ||   272

Table legend:
 A = Non-vault XP
 B = Vault XP
 C = Vault XP percentage of total XP
 D = Non-vault monster count
 E = Vault monster count
 F = Vault count percentage of total count
                 A         B        C        D         E       F
            +---------+---------+-------+---------+---------+-------
      Total |    1394 |     363 |  20.7 |     110 |      22 |  16.7
            +---------+---------+-------+---------+---------+-------
        D:1 |      44 |       0 |   0.0 |      23 |       0 |   0.0
        D:2 |      92 |      14 |  13.2 |      22 |       7 |  24.1
        D:3 |      91 |     329 |  78.3 |      25 |       9 |  26.5
        D:4 |     414 |       0 |   0.0 |      19 |       0 |   0.0
        D:5 |     753 |      20 |   2.6 |      21 |       6 |  22.2
            +---------+---------+-------+---------+---------+-------
